Map: Orbital Shipyard

Players

Lilbow

  • Race: Protoss Protoss

uThermal - Winner!

  • Race: Terran Terran
  • League: Grandmaster

Event: Homestory Cup XII

VOD

Have the link to the VOD?

Description

Time

  • Played on: Dec. 18, 2015, 9:32 a.m.
  • Length: 13:01

All games in this series

Show
View Real Time Build Order
Export as new Build Order

Lilbow Protoss 

Build Orders: 1 Gate Expand 

Get SALT Encoding   

  12  0:00  Probe (Chrono Boost)  
  13  0:11  Probe (Chrono Boost)  
  14  0:17  Pylon  
  14  0:22  Probe (Chrono Boost)  
  16  0:35  Probe (Chrono Boost)  
  16  0:36  Gateway  
  16  0:42  Assimilator  
  16  0:46  Probe (Chrono Boost)  
  17  0:56  Probe (Chrono Boost)  
  18  1:07  Probe (Chrono Boost)  
  19  1:18  Nexus  
  19  1:27  Cybernetics Core  
  19  1:33  Assimilator  
  19  1:35  Probe (Chrono Boost)  
  20  1:42  Pylon  
  20  1:45  Probe (Chrono Boost)  
  21  1:56  Probe (Chrono Boost)  
  22  2:03  Adept  
  22  2:07  Mothership Core (Chrono Boost)  
  26  2:10  Warp Gate  
  26  2:25  Probe (Chrono Boost)  
  27  2:31  Probe (Chrono Boost)  
  27  2:36  Probe (Chrono Boost)  
  29  2:39  Robotics Facility  
  29  2:41  Probe (Chrono Boost)  
  30  2:46  Probe (Chrono Boost)  
  31  2:52  Probe (Chrono Boost)  
  31  2:57  Probe (Chrono Boost)  
  33  3:02  Probe (Chrono Boost)  
  34  3:07  Probe (Chrono Boost)  
  34  3:09  Gateway  
  34  3:10  Gateway  
  35  3:13  Probe (Chrono Boost)  
  35  3:18  Probe (Chrono Boost)  
  37  3:23  Probe (Chrono Boost)  
  38  3:27  Pylon  
  38  3:28  Probe (Chrono Boost)  
  38  3:33  Warp Prism (Chrono Boost)  
  38  3:34  Probe (Chrono Boost)  
  42  3:39  Probe  
  42  3:46  Probe  
  41  3:51  Probe  
  42  3:58  Probe  
  42  3:59  Robotics Bay, Assimilator  
  42  4:01  Pylon  
  43  4:04  Probe, Assimilator  
  43  4:05  Observer (Chrono Boost)  
  43  4:06  Pylon  
  45  4:10  Probe  
  45  4:16  Adept x3  
  52  4:18  Probe  
  52  4:22  Probe  
  55  4:24  Observer (Chrono Boost)  
  55  4:30  Probe  
  56  4:31  Pylon  
  56  4:34  Probe  
  57  4:43  Adept x3  
  63  4:46  Probe  
  63  4:50  Probe  
  53  4:58  Probe  
  54  5:00  Gravitic Drive  
  54  5:06  Probe  
  55  5:07  Forge  
  55  5:08  Twilight Council  
  55  5:10  Stalker x3  
  55  5:13  Disruptor (Chrono Boost)  
  61  5:22  Probe x2  
  61  5:27  Nexus  
  63  5:34  Probe  
  63  5:35  Probe  
  65  5:38  Adept  
  65  5:39  Adept x2  
  71  5:43  Protoss Ground Weapons Level 1  
  71  5:44  Resonating Glaives  
  71  5:47  Probe x2  
  73  5:54  Nexus  
  73  5:59  Probe x2  
  75  6:04  Pylon  
  75  6:11  Probe x2 (Chrono Boost)  
  77  6:12  Pylon  
  77  6:16  Pylon  
  77  6:23  Probe x2 (Chrono Boost)  
  79  6:27  Stalker  
  79  6:30  Stalker  
  83  6:33  Probe (Chrono Boost)  
  83  6:34  Probe (Chrono Boost)  
  83  6:37  Stalker  
  87  6:43  Probe (Chrono Boost)  
  87  6:44  Probe (Chrono Boost)  
  87  6:45  Probe (Chrono Boost)  
  90  6:49  Pylon  
  91  6:54  Probe x2 (Chrono Boost)  
  91  6:55  Probe (Chrono Boost), Adept x2  
  91  6:58  Pylon  
  97  7:04  Gateway, Probe (Chrono Boost)  
  97  7:05  Probe (Chrono Boost)  
  97  7:06  Probe (Chrono Boost), Gateway  
  100  7:08  Stalker  
  100  7:14  Gateway  
  102  7:17  Gateway  
  102  7:18  Gateway x2  
  102  7:23  Adept x2  
  102  7:25  Blink  
  102  7:29  Disruptor  
  109  7:30  Stargate  
  109  7:35  Pylon  
  109  7:36  Pylon  
  109  7:40  Protoss Ground Weapons Level 2 (Chrono Boost)  
  109  7:45  Adept  
  109  7:46  Adept x2  
  109  7:50  Gateway x2  
  115  8:04  Pylon  
  115  8:09  Forge  
  115  8:14  Phoenix  
  115  8:16  Adept x5  
  115  8:17  Adept x4  
  135  8:27  Photon Cannon  
  135  8:32  Photon Cannon  
  135  8:39  Phoenix  
  137  8:43  Adept x7  
  137  8:44  Adept x2  
  137  8:45  Disruptor  
  158  8:54  Adept x2  
  160  9:04  Adept x4  
  160  9:06  Stalker x3  
  163  9:19  Stalker  
  163  9:20  Stalker x3  
  157  9:24  Phoenix  
  159  9:33  Stalker x2  
  159  9:34  Stalker x3, Probe  
  159  9:35  Probe x2  
  172  9:53  Probe x2  
  172  9:56  Probe  
  171  10:06  Assimilator  
  171  10:08  Pylon  
  171  10:10  Pylon, Assimilator  
  171  10:12  Pylon  
  171  10:13  Photon Cannon  
  171  10:14  Nexus  
  171  10:17  Protoss Ground Weapons Level 3 (Chrono Boost), Observer, Protoss Ground Armor Level 1 (Chrono Boost)  
  172  10:38  Observer  
  173  10:50  Adept x3  
  173  10:51  Stalker x2, Adept x4  
  173  10:52  Stalker x2  
  193  11:36  Adept x2  
  193  11:37  Adept x2  
  193  11:39  Adept x2  
  191  11:40  Adept x3  
  106  11:57  Adept x3  
  106  11:58  Adept x3  
  119  12:05  Adept x4  
  119  12:06  Adept  
  119  12:07  Phoenix  
  131  12:12  Disruptor  
  129  12:21  Adept x4  
  132  12:26  Pylon  
  132  12:28  Pylon  
  132  12:29  Adept  
  134  12:30  Pylon  
  134  12:35  Pylon  
  136  12:44  Pylon  
  136  12:46  Gateway  
  136  12:48  Gateway  
Show
View Real Time Build Order
Export as new Build Order

uThermal Terran - Winner!

Build Orders: Bio Tank 

Get SALT Encoding   

  12  0:00  SCV  
  13  0:13  SCV  
  14  0:17  Supply Depot  
  14  0:25  SCV  
  15  0:39  SCV  
  15  0:41  Barracks  
  16  0:44  Refinery  
  16  0:51  SCV  
  17  1:03  SCV  
  18  1:15  SCV  
  19  1:29  Barracks Reactor, Orbital Command  
  19  1:39  Command Center  
  19  1:49  Supply Depot  
  19  1:54  SCV  
  20  2:06  SCV, Reaper x2  
  23  2:18  SCV  
  24  2:28  Command Center  
  24  2:30  SCV  
  25  2:42  Factory  
  25  2:45  SCV, Refinery  
  26  2:55  Orbital Command  
  26  2:58  Marine x2  
  26  3:02  SCV  
  28  3:16  Marine x2  
  30  3:20  SCV  
  30  3:26  SCV, Factory Tech Lab  
  32  3:32  SCV  
  32  3:33  Marine  
  32  3:34  Marine  
  34  3:35  Starport  
  36  3:41  Orbital Command  
  36  3:48  SCV  
  37  3:50  Cyclone  
  37  3:51  Marine  
  37  3:53  Marine  
  40  3:56  SCV  
  40  4:00  SCV  
  42  4:03  Refinery  
  42  4:07  SCV  
  42  4:08  SCV  
  44  4:11  Marine x2  
  44  4:12  SCV  
  44  4:13  Viking  
  49  4:19  SCV  
  49  4:20  SCV  
  49  4:23  Supply Depot  
  51  4:25  Siege Tank  
  51  4:26  SCV  
  51  4:29  Marine  
  51  4:30  Marine  
  57  4:33  SCV x2  
  57  4:38  SCV, Engineering Bay  
  59  4:47  Marine x2  
  57  4:56  Orbital Command  
  57  4:57  Siege Tank  
  58  5:01  SCV x2, Barracks x2  
  58  5:02  Supply Depot, Refinery, Liberator  
  58  5:06  Terran Infantry Weapons Level 1  
  60  5:11  Marine x2  
  60  5:13  SCV x2  
  67  5:22  SCV  
  67  5:24  Supply Depot  
  67  5:25  SCV  
  67  5:26  SCV  
  70  5:28  Marine  
  70  5:29  Marine  
  70  5:30  Siege Tank  
  75  5:38  Supply Depot  
  75  5:40  Supply Depot, SCV  
  75  5:42  SCV  
  77  5:46  SCV  
  77  5:48  Supply Depot  
  78  5:52  Barracks Tech Lab x2  
  78  5:53  SCV  
  78  5:54  SCV  
  80  6:02  Starport Reactor  
  80  6:03  Siege Tank  
  82  6:04  SCV  
  82  6:05  SCV  
  82  6:06  SCV  
  82  6:07  Supply Depot  
  85  6:11  Marauder  
  85  6:12  Marauder  
  85  6:15  Combat Shields, Stimpack  
  89  6:19  SCV x2  
  89  6:22  SCV  
  92  6:26  Refinery, Marine x2  
  92  6:30  Supply Depot  
  92  6:32  SCV x2  
  96  6:33  Marauder x2  
  96  6:37  Barracks  
  100  6:41  Barracks  
  100  6:44  Medivac x2  
  104  6:49  SCV  
  104  6:51  Siege Tank, Marine x2  
  104  6:52  Refinery  
  110  6:57  SCV  
  110  6:58  SCV, Barracks  
  110  6:59  Barracks  
  112  7:02  Supply Depot  
  112  7:03  Terran Infantry Armor Level 1  
  112  7:04  SCV  
  113  7:09  SCV  
  113  7:10  Factory  
  113  7:14  Medivac  
  117  7:16  SCV, Supply Depot  
  117  7:17  Missile Turret  
  117  7:18  Medivac  
  117  7:20  Missile Turret  
  118  7:22  Missile Turret  
  118  7:23  SCV, Marine  
  118  7:29  Barracks Reactor, Barracks Tech Lab  
  120  7:31  Siege Tank  
  120  7:33  Marine  
  120  7:35  Marine x2  
  124  7:44  Medivac  
  124  7:45  Supply Depot  
  124  7:46  Supply Depot  
  124  7:48  Barracks Tech Lab, Medivac  
  124  7:49  Barracks Reactor  
  124  7:50  Marine x2  
  130  7:53  Marauder  
  130  7:55  Factory Tech Lab  
  132  7:58  Supply Depot  
  132  7:59  Supply Depot  
  132  8:01  Missile Turret  
  132  8:02  Armory, Marine  
  133  8:10  Siege Tank, Marine x2  
  133  8:11  Concussive Shells, Marauder  
  140  8:18  Medivac  
  142  8:20  Marine x2  
  142  8:21  Marauder x2  
  148  8:28  Marine x2  
  148  8:32  Marauder  
  148  8:34  Siege Tank  
  155  8:38  Supply Depot, Marine x2  
  155  8:41  Supply Depot  
  154  8:42  Marauder  
  154  8:44  Marine  
  154  8:46  Marine  
  158  8:51  Marine  
  158  8:53  Marauder  
  161  8:56  Marine  
  161  9:02  Marauder, Marine  
  159  9:03  Marauder, Marine  
  159  9:09  Marine  
  162  9:11  Medivac  
  162  9:13  Marine  
  162  9:15  Marauder  
  165  9:18  Siege Tank  
  165  9:19  Marine  
  165  9:21  Marine  
  165  9:24  Siege Tank, Marauder  
  141  9:25  Marauder  
  141  9:26  Marine  
  141  9:29  Medivac  
  149  9:31  Marine  
  149  9:36  Marauder  
  149  9:37  Marine  
  153  9:39  Marine  
  153  9:43  Medivac  
  153  9:44  Marine  
  153  9:45  Marauder  
  159  9:46  Marauder  
  161  9:53  Marine  
  161  9:58  Marauder  
  162  10:00  Siege Tank, Medivac  
  162  10:01  Marine x2  
  162  10:02  Marine  
  162  10:06  Command Center, Marauder  
  172  10:08  Siege Tank, Marauder  
  172  10:11  Marine  
  172  10:13  Medivac  
  180  10:18  Marine x2  
  180  10:19  Terran Infantry Weapons Level 2  
  182  10:22  Marine  
  182  10:28  Marauder  
  185  10:30  Medivac  
  185  10:35  Siege Tank  
  188  10:37  Marine  
  188  10:43  Marine  
  189  11:00  Supply Depot  
  189  11:01  Supply Depot  
  189  11:06  Marine, Marauder  
  189  11:17  Siege Tank x2, Marine x4  
  199  11:24  Marine  
  199  11:32  Marine  
  199  11:34  Medivac  
  200  11:44  Medivac, Marauder  
  193  11:50  Siege Tank  
  193  11:51  Marauder, Marine  
  193  11:52  Marine  
  193  11:53  Siege Tank, Marauder  
  196  11:59  Marine  
  196  12:00  Marine  
  193  12:05  Marauder  
  193  12:09  Marine  
  193  12:12  Medivac  
  193  12:13  Marine, Marauder  
  193  12:14  Marine  
  197  12:16  Marine  
  197  12:17  Marine  
  197  12:20  Medivac  
Tags
 
Add a new tag
Caveats
  • Supply blocks, unpowered buildings, or Contaminate may cause inaccurate times.
  • Supply counts are checked every 10 seconds.